 Dungeon Crawl Stone Soup version 0.31-a0-108-gdf935468f2 (webtiles) character file.

Game seed: 12302681390569455029

74 pokeman the Magician (level 4, -1/25 HPs)
             Began as a Deep Elf Hedge Wizard on May 27, 2023.
             Slain by a hobgoblin (4 damage)
             ... on level 2 of the Dungeon.
             The game lasted 00:02:59 (1913 turns).

pokeman the Magician (Deep Elf Hedge Wizard)        Turns: 1913, Time: 00:02:59

Health: -1/25      AC:  2    Str:  7    XL:     4   Next: 9%
Magic:  4/13       EV: 12    Int: 21    God:
Gold:   65         SH:  0    Dex: 14    Spells: 6/14 levels left

rFire   . . .        o - +1 dagger (pain)
rCold   . . .        (no shield)
rNeg    . . .        b - +0 robe
rPois   .            c - +0 hat
rElec   .            (no cloak)
rCorr   .            (no gloves)
SInv    .            (no boots)
Will    .....        (no amulet)
Stlth   ++           (no ring)
HPRegen 0.24/turn    (no ring)
MPRegen 0.13/turn

%: no passive effects
@: no status effects
A: no striking features
a: no special abilities


You were on level 2 of the Dungeon.
You visited 1 branch of the dungeon, and saw 2 of its levels.

You collected 65 gold pieces.

Inventory:

Hand Weapons
 o - a +1 dagger of pain (weapon)
Missiles
 j - a throwing net
Armour
 b - a +0 robe (worn)
 c - a +0 hat (worn)
Scrolls
 e - 2 scrolls of identify {unknown}
 g - a scroll of amnesia {unknown}
 k - a scroll of poison {unknown}
 l - 3 scrolls of acquirement {unknown}
 m - a scroll of teleportation {unknown}
 n - a scroll of immolation {unknown}
Potions
 a - a potion of berserk rage {unknown}
 d - a potion of magic
 f - a potion of invisibility {unknown}
 h - a potion of degeneration {unknown}
 i - 2 potions of enlightenment {unknown}


   Skills:
 - Level 1.0 Fighting
 - Level 1.0 Armour
 + Level 2.6 Dodging
 + Level 2.6 Stealth
 * Level 5.5 Spellcasting
 + Level 2.1 Conjurations
 - Level 1.1 Summonings
 - Level 1.1 Translocations


You had 6 spell levels left.
You knew the following spells:

 Your Spells              Type           Power      Damage    Failure   Level
a - Magic Dart            Conj           56%        1d5       4%          1
b - Mephitic Cloud        Conj/Pois/Air  8%         N/A       22%         3
c - Call Imp              Summ           20%        N/A       10%         2
d - Blink                 Tloc           20%        N/A       10%         2

Your spell library contained the following spells:

 Spells                   Type           Power      Damage    Failure   Level
 Beastly Appendage        Tmut           10%        N/A       11%         1
 Slow                     Hex            20%        N/A       11%         1
 Cigotuvi's Dreadful Rot  Necr/Pois/Air  10%        N/A       16%         2
 Wereblood                Tmut           5%         N/A       16%         2
 Spider Form              Tmut/Pois      5%         N/A       30%         3


Dungeon Overview and Level Annotations

Branches:
Dungeon (2/15)

Altars:


Message History

Casting: Magic Dart (safe; 4% risk of failure)
Confirm with . or Enter, or press ? or * to list all spells.
Aiming: Magic Dart (safe; 4% risk of failure)
Press: ? - help, Shift-Dir - straight line, f/p - hobgoblin
Aim: a hobgoblin, wielding a +0 sling and wearing a +0 chain mail (heavily wounded, 100% to hit)
The magic dart hits the hobgoblin but does no damage.
The hobgoblin is heavily wounded.
Unknown command.
You start resting.
A hobgoblin is nearby!
The hobgoblin unwields a +0 sling.
The hobgoblin hits you.
You hit the hobgoblin but do no damage.
The hobgoblin is heavily wounded.
The hobgoblin hits you but does no damage.
You hit the hobgoblin but do no damage.
The hobgoblin is heavily wounded.
The hobgoblin barely misses you.
You barely miss the hobgoblin.
The hobgoblin is heavily wounded.
The hobgoblin closely misses you.
You hit the hobgoblin but do no damage.
The hobgoblin is heavily wounded.
The hobgoblin hits you.
You hit the hobgoblin but do no damage.
The hobgoblin is heavily wounded.
The hobgoblin hits you.
* * * LOW HITPOINT WARNING * * *
You hit the hobgoblin.
The hobgoblin is severely wounded.
The hobgoblin hits you.
* * * LOW HITPOINT WARNING * * *
Casting: Magic Dart (safe; 4% risk of failure)
Confirm with . or Enter, or press ? or * to list all spells.
Aiming: Magic Dart (safe; 4% risk of failure)
Press: ? - help, Shift-Dir - straight line, f/p - hobgoblin
Aim: a hobgoblin, wearing a +0 chain mail (severely wounded, 100% to hit)
The magic dart hits the hobgoblin.
The hobgoblin is almost dead.
The hobgoblin hits you.
You die...

#..........##......#..~..#.
#..........##......##...##.
#.......g..##.......##.##.. #
#..........##...........#.. #
#####..........##.......###.#.. #
#..............##.......# #.#.. #
#.......######..#.......# #.#..
###.......#######g#÷......###.#..
..+..†....'.....@.........+>#.#..
###.......########........#.#.#..
..'.......# #####'#######.#.#..
###.......# #..........##.#....
#.......# #..........##.##...
#.......# #..........##.##...
#......... #.......##.##.##..(
#######.... #.......##..#......
.... #.......###†#.####.


You could see a hobgoblin.

Vanquished Creatures
  3 adders (D:2)
  A worm (D:2)
  4 dart slugs
  5 endoplasms
  2 giant cockroaches (D:1)
  5 goblins
  6 hobgoblins
  A kobold (D:2)
  2 quokkas (D:2)
  A ball python (D:2)
  3 bats
  2 rats (D:1)
35 creatures vanquished.

Notes
Turn   | Place    | Note
-------+----------+-------------------------------------------
     0 | D:1      | pokeman the Deep Elf Hedge Wizard began the quest for the
                  | Orb.
     0 | D:1      | Reached XP level 1. HP: 10/10 MP: 7/7
   193 | D:1      | Reached XP level 2. HP: 16/16 MP: 2/9
   833 | D:1      | Reached skill level 5 in Spellcasting
  1095 | D:2      | Reached XP level 3. HP: 20/20 MP: 3/11
  1099 | D:2      | Learned a level 3 spell: Mephitic Cloud
  1102 | D:2      | Learned a level 2 spell: Call Imp
  1105 | D:2      | Learned a level 2 spell: Blink
  1446 | D:2      | Reached skill level 1 in Armour
  1603 | D:2      | Reached skill level 1 in Fighting
  1792 | D:2      | Reached XP level 4. HP: 20/25 MP: 4/13
  1913 | D:2      | Slain by a hobgoblin

Illustrated notes

Levels and vault maps discovered:
D:1:      minmay_arrival_four_houses, layout_rooms,
          minmay_misc_feat_four_crosses
D:2:      layout_basic, amcnicky_mini_pool_small, hangedman_glass_teeth

Skill      XL: |  1  2  3 |
---------------+----------+-----
Spellcasting   | 5 |  5.5
Armour         | 1 |  1.0
Fighting       | 1 |  1.0
Conjurations   | 2 |  2.1
Dodging        | |  2.6
Stealth        | |  2.6
Summonings     | |  1.1
Translocations | |  1.1

Action                     |  1- 3 |  4- 6 || total
---------------------------+-------+-------++-------
  Melee: Dagger            |    16 |     6 ||    22
         Punch             |     1 |       ||     1
   Cast: Magic Dart        |   117 |    13 ||   130
 Armour: Robe              |     2 |     2 ||     4
  Dodge: Dodged            |    26 |     5 ||    31

Table legend: (Time is in decaauts)
 A = Elapsed time spent in this place.
 B = Non-inter-level travel time spent in this place.
 C = Inter-level travel time spent in this place.
 D = Time resting spent in this place.
 E = Time spent auto-exploring this place.
 F = Levels seen in this place.
 G = Mean time per level.
                   A        B        C        D        E       F      G
               +--------+--------+--------+--------+--------+-----+--------+
         Total |   1912 |   1895 |     17 |      4 |   1645 |   2 |  956.0 |
       Dungeon |   1912 |   1895 |     17 |      4 |   1645 |   2 |  956.0 |
               +--------+--------+--------+--------+--------+-----+--------+

Top non-repeatable levels by time:
     D:1: 1076 daAuts
     D:2: 836 daAuts
